[ PARTIDA AOE2 · #494817038 ]
UnrankedMuiscas vs Burmese
Equipo del jugador · DERR
Equipo rival · VICT
[ ANÁLISIS DE REPETICIÓN · EXTRAÍDO DE LA PARTIDA GRABADA ]
Feudal
8:26
Castillos
23:07
Imperial
40:22
| APM promedio | 69.3 |
| APM pico | 102 |
| eAPM promedio | 29.1 |
| Aldeanos / militares | 154 / 33 |
Foco
⚔️ 32.5% · 🌾 67.5%
Unknown (2550) ×38 · Unknown (2562) ×30 · Unknown (2586) ×16 · Monk ×14 · Skirmisher ×9 · Spearman ×6
Feudal
8:51
Castillos
21:11
Imperial
39:45
| APM promedio | 76.4 |
| APM pico | 124 |
| eAPM promedio | 29.7 |
| Aldeanos / militares | 153 / 102 |
Foco
⚔️ 44.1% · 🌾 55.9%
Arambai ×51 · Scout Cavalry ×14 · Archer ×9 · Mangonel ×6 · Knight ×4 · Militia ×4
Mapa de la partida
Recursos iniciales + cada clic de construcción. Líneas = muros · curvas = relieve. ◆ oro · ⬟ piedra · ● bayas · ✦ reliquia · ◌ hueco del cierre
Tu base· Abierta — hueco de 1t
Base de HR AboKeiTo· Abierta — hueco de 4t
Terreno inicial suavizado · ◌ = hueco del cierre detectado · pasá el cursor para detalles
Inputs por minuto
— shegin - - HR AboKeiTo
Build order — shegin
Primeras 150 de 429 acciones detectadas
| 0:01 | Crear | Villager (Male) |
| 0:01 | Crear | Villager (Male) |
| 0:02 | Construir | House |
| 0:14 | Crear | Villager (Male) |
| 0:14 | Crear | Villager (Male) |
| 0:18 | Construir | House |
| 0:19 | Construir | House |
| 1:34 | Crear | Villager (Male) |
| 2:05 | Crear | Villager (Male) |
| 2:05 | Crear | Villager (Male) |
| 2:23 | Crear | Villager (Male) |
| 2:23 | Crear | Villager (Male) |
| 2:35 | Construir | Settlement |
| 2:41 | Crear | Villager (Male) |
| 2:42 | Crear | Villager (Male) |
| 3:13 | Crear | Villager (Male) |
| 3:13 | Crear | Villager (Male) |
| 3:13 | Crear | Villager (Male) |
| 3:42 | Crear | Villager (Male) |
| 3:42 | Crear | Villager (Male) |
| 3:43 | Crear | Villager (Male) |
| 4:23 | Crear | Villager (Male) |
| 5:18 | Crear | Villager (Male) |
| 5:45 | Investigar | Loom |
| 5:54 | Investigar | Feudal Age |
| 6:16 | Construir | Settlement |
| 7:44 | Construir | Barracks |
| 8:05 | Crear | Villager (Male) |
| 8:05 | Crear | Villager (Male) |
| 8:26 | Edad | Edad Feudal |
| 8:29 | Crear | Spearman |
| 8:30 | Crear | Spearman |
| 8:54 | Crear | Villager (Male) |
| 8:58 | Crear | Villager (Male) |
| 9:01 | Construir | Archery Range |
| 9:06 | Investigar | Double-Bit Axe |
| 9:13 | Construir | Watch Tower |
| 9:31 | Crear | Villager (Male) |
| 9:45 | Crear | Villager (Male) |
| 9:56 | Crear | Skirmisher |
| 10:13 | Construir | Blacksmith |
| 10:19 | Crear | Skirmisher |
| 10:25 | Crear | Villager (Male) |
| 10:32 | Construir | Palisade Wall |
| 10:48 | Crear | Skirmisher |
| 11:02 | Crear | Villager (Male) |
| 11:06 | Construir | House |
| 11:12 | Crear | Skirmisher |
| 11:31 | Construir | Settlement |
| 11:33 | Crear | Villager (Male) |
| 11:39 | Construir | House |
| 11:45 | Construir | House |
| 11:59 | Crear | Villager (Male) |
| 12:23 | Crear | Villager (Male) |
| 12:30 | Construir | Farm |
| 12:31 | Construir | Farm |
| 12:33 | Construir | Farm |
| 12:43 | Construir | Market |
| 12:53 | Crear | Villager (Male) |
| 13:01 | Construir | Watch Tower |
| 13:16 | Crear | Villager (Male) |
| 13:25 | Crear | Villager (Male) |
| 13:51 | Crear | Villager (Male) |
| 13:57 | Construir | Farm |
| 13:58 | Construir | Farm |
| 13:58 | Construir | Farm |
| 13:58 | Construir | Farm |
| 14:20 | Investigar | Fletching |
| 14:23 | Crear | Villager (Male) |
| 14:36 | Construir | Farm |
| 14:43 | Construir | Farm |
| 14:48 | Crear | Villager (Male) |
| 15:00 | Investigar | Horse Collar |
| 15:07 | Construir | Market |
| 15:10 | Construir | House |
| 15:16 | Crear | Villager (Male) |
| 15:28 | Crear | Villager (Male) |
| 15:31 | Crear | Spearman |
| 15:52 | Construir | Farm |
| 15:53 | Crear | Villager (Male) |
| 16:03 | Construir | Farm |
| 16:05 | Crear | Villager (Male) |
| 16:07 | Crear | Skirmisher |
| 16:08 | Crear | Skirmisher |
| 16:27 | Crear | Villager (Male) |
| 16:32 | Crear | Villager (Male) |
| 16:39 | Construir | Farm |
| 16:51 | Construir | House |
| 16:54 | Investigar | Wheelbarrow |
| 16:56 | Crear | Skirmisher |
| 17:06 | Construir | Farm |
| 17:10 | Investigar | Padded Archer Armor |
| 17:25 | Crear | Archer |
| 17:31 | Crear | Villager (Male) |
| 17:53 | Crear | Villager (Male) |
| 17:57 | Construir | House |
| 18:02 | Crear | Archer |
| 18:06 | Construir | House |
| 18:27 | Crear | Skirmisher |
| 18:31 | Construir | Farm |
| 18:46 | Construir | Farm |
| 18:50 | Crear | Villager (Male) |
| 19:15 | Crear | Villager (Male) |
| 19:19 | Crear | Skirmisher |
| 19:35 | Crear | Villager (Male) |
| 19:39 | Construir | House |
| 19:40 | Construir | House |
| 19:41 | Construir | House |
| 19:47 | Crear | Villager (Male) |
| 20:10 | Construir | Farm |
| 20:12 | Construir | Farm |
| 20:25 | Construir | Watch Tower |
| 20:27 | Investigar | Castle Age |
| 20:40 | Construir | Watch Tower |
| 21:09 | Crear | Spearman |
| 21:13 | Crear | Archer |
| 21:18 | Construir | Barracks |
| 21:23 | Crear | Spearman |
| 21:26 | Investigar | Forging |
| 21:38 | Crear | Spearman |
| 21:58 | Investigar | Tech 1402 |
| 21:59 | Investigar | Tech 1402 |
| 22:17 | Crear | Unit 2550 |
| 22:17 | Crear | Unit 2550 |
| 22:17 | Crear | Unit 2550 |
| 22:17 | Crear | Unit 2550 |
| 22:23 | Investigar | Scale Mail Armor |
| 22:34 | Construir | Settlement |
| 22:50 | Crear | Unit 2550 |
| 22:50 | Crear | Unit 2550 |
| 23:01 | Construir | Farm |
| 23:07 | Edad | Edad de los Castillos |
| 23:10 | Crear | Villager (Male) |
| 23:12 | Investigar | Chain Mail Armor |
| 23:12 | Investigar | Chain Mail Armor |
| 23:21 | Crear | Villager (Male) |
| 23:40 | Investigar | Tech 1351 |
| 23:46 | Crear | Villager (Male) |
| 23:55 | Construir | Siege Workshop |
| 24:07 | Crear | Unit 2550 |
| 24:08 | Crear | Unit 2550 |
| 24:10 | Crear | Unit 2550 |
| 24:12 | Crear | Unit 2550 |
| 24:12 | Crear | Unit 2550 |
| 24:32 | Construir | Farm |
| 24:35 | Crear | Unit 2550 |
| 24:35 | Crear | Unit 2550 |
| 24:38 | Crear | Villager (Male) |
| 24:38 | Crear | Villager (Male) |
| 24:42 | Crear | Mangonel |
Build order — HR AboKeiTo
Primeras 150 de 436 acciones detectadas
| 0:01 | Crear | Villager (Male) |
| 0:02 | Construir | House |
| 0:03 | Construir | House |
| 0:12 | Crear | Villager (Male) |
| 0:12 | Crear | Villager (Male) |
| 0:19 | Crear | Villager (Male) |
| 0:19 | Crear | Villager (Male) |
| 1:40 | Crear | Villager (Male) |
| 1:40 | Crear | Villager (Male) |
| 2:00 | Construir | Lumber Camp |
| 2:13 | Crear | Villager (Male) |
| 2:26 | Crear | Villager (Male) |
| 2:26 | Crear | Villager (Male) |
| 2:37 | Construir | House |
| 2:50 | Crear | Villager (Male) |
| 2:51 | Crear | Villager (Male) |
| 3:21 | Crear | Villager (Male) |
| 4:02 | Crear | Villager (Male) |
| 4:30 | Crear | Villager (Male) |
| 4:54 | Crear | Villager (Male) |
| 5:22 | Construir | Barracks |
| 5:26 | Crear | Villager (Male) |
| 5:35 | Construir | Palisade Wall |
| 5:36 | Construir | Palisade Wall |
| 5:38 | Construir | Palisade Wall |
| 5:48 | Crear | Villager (Male) |
| 5:59 | Investigar | Loom |
| 6:29 | Investigar | Feudal Age |
| 6:49 | Construir | House |
| 7:00 | Crear | Militia |
| 7:00 | Crear | Militia |
| 7:12 | Construir | Mining Camp |
| 7:44 | Crear | Militia |
| 8:10 | Construir | Palisade Gate |
| 8:51 | Edad | Edad Feudal |
| 8:55 | Investigar | Man-at-Arms (upgrade) |
| 8:55 | Crear | Villager (Male) |
| 9:02 | Construir | Archery Range |
| 9:03 | Crear | Villager (Male) |
| 9:14 | Construir | House |
| 9:31 | Crear | Villager (Male) |
| 9:47 | Crear | Villager (Male) |
| 10:00 | Crear | Villager (Male) |
| 10:07 | Construir | Watch Tower |
| 10:11 | Crear | Archer |
| 10:14 | Construir | House |
| 10:29 | Crear | Militia |
| 10:39 | Construir | Mill |
| 11:01 | Crear | Villager (Male) |
| 11:03 | Crear | Archer |
| 11:12 | Construir | Mining Camp |
| 11:23 | Crear | Villager (Male) |
| 11:34 | Crear | Archer |
| 11:59 | Crear | Villager (Male) |
| 12:08 | Crear | Archer |
| 12:26 | Crear | Villager (Male) |
| 12:26 | Crear | Villager (Male) |
| 12:30 | Crear | Villager (Male) |
| 12:38 | Construir | Watch Tower |
| 12:41 | Crear | Villager (Male) |
| 12:45 | Construir | Farm |
| 12:45 | Construir | Farm |
| 12:46 | Construir | Farm |
| 12:57 | Crear | Villager (Male) |
| 12:57 | Construir | House |
| 13:04 | Construir | Blacksmith |
| 13:08 | Crear | Archer |
| 13:54 | Crear | Villager (Male) |
| 13:56 | Crear | Villager (Male) |
| 13:58 | Construir | Farm |
| 13:58 | Construir | Farm |
| 14:17 | Crear | Villager (Male) |
| 14:19 | Construir | House |
| 14:24 | Construir | House |
| 14:25 | Construir | House |
| 14:29 | Crear | Archer |
| 14:52 | Investigar | Fletching |
| 14:56 | Crear | Villager (Male) |
| 14:58 | Construir | Farm |
| 15:09 | Crear | Villager (Male) |
| 15:12 | Crear | Villager (Male) |
| 15:14 | Construir | Farm |
| 15:20 | Crear | Archer |
| 15:26 | Crear | Villager (Male) |
| 15:52 | Crear | Villager (Male) |
| 15:56 | Crear | Villager (Male) |
| 15:57 | Construir | Farm |
| 15:57 | Construir | Farm |
| 15:58 | Construir | Farm |
| 16:02 | Crear | Villager (Male) |
| 16:10 | Crear | Villager (Male) |
| 16:43 | Crear | Villager (Male) |
| 16:50 | Crear | Villager (Male) |
| 16:54 | Crear | Archer |
| 16:55 | Construir | Farm |
| 16:58 | Construir | Farm |
| 16:59 | Construir | Farm |
| 17:29 | Crear | Archer |
| 17:53 | Construir | Farm |
| 18:04 | Crear | Villager (Male) |
| 18:14 | Crear | Villager (Male) |
| 18:31 | Investigar | Castle Age |
| 18:43 | Construir | Stable |
| 18:51 | Investigar | Horse Collar |
| 18:53 | Construir | Farm |
| 18:54 | Construir | Farm |
| 19:18 | Crear | Scout Cavalry |
| 19:20 | Crear | Villager (Male) |
| 19:32 | Construir | Farm |
| 19:33 | Construir | Farm |
| 19:40 | Crear | Scout Cavalry |
| 19:47 | Investigar | Forging |
| 19:51 | Investigar | Scale Barding Armor |
| 20:08 | Construir | Watch Tower |
| 20:15 | Crear | Scout Cavalry |
| 20:42 | Crear | Scout Cavalry |
| 21:11 | Edad | Edad de los Castillos |
| 21:15 | Investigar | Light Cavalry (upgrade) |
| 21:20 | Construir | Siege Workshop |
| 21:27 | Construir | Monastery |
| 21:49 | Crear | Villager (Male) |
| 22:04 | Crear | Scout Cavalry |
| 22:08 | Investigar | Husbandry |
| 22:17 | Crear | Mangonel |
| 22:18 | Crear | Monk |
| 22:23 | Crear | Villager (Male) |
| 22:29 | Crear | Cavalry Archer |
| 22:34 | Crear | Villager (Male) |
| 22:52 | Crear | Villager (Male) |
| 22:53 | Construir | House |
| 22:54 | Construir | House |
| 22:57 | Crear | Monk |
| 23:02 | Crear | Knight |
| 23:07 | Investigar | Bloodlines |
| 23:08 | Investigar | Gold Mining |
| 23:29 | Crear | Villager (Male) |
| 23:33 | Crear | Villager (Male) |
| 23:36 | Crear | Scout Cavalry |
| 23:44 | Investigar | Fervor |
| 24:11 | Construir | Market |
| 24:13 | Crear | Villager (Male) |
| 24:17 | Crear | Skirmisher |
| 24:20 | Crear | Cavalry Archer |
| 24:23 | Crear | Knight |
| 24:24 | Crear | Villager (Male) |
| 25:00 | Construir | Castle |
| 25:13 | Investigar | Bodkin Arrow |
| 25:14 | Crear | Villager (Male) |
| 25:15 | Construir | House |
| 25:52 | Crear | Villager (Male) |
Cronología de la partida
| 5:22 | HR AboKeiTo · first_building Barracks |
| 5:35 | HR AboKeiTo · wall_segment Palisade Wall x1 |
| 5:36 | HR AboKeiTo · wall_segment Palisade Wall x1 |
| 5:38 | HR AboKeiTo · wall_segment Palisade Wall x1 |
| 7:44 | shegin · first_building Barracks |
| 8:26 | shegin · age_up feudal |
| 8:51 | HR AboKeiTo · age_up feudal |
| 9:01 | shegin · first_building Archery Range |
| 9:02 | HR AboKeiTo · first_building Archery Range |
| 10:32 | shegin · wall_segment Palisade Wall x1 |
| 17:24 | shegin · first_market_sell 100 stone |
| 18:43 | HR AboKeiTo · first_building Stable |
| 21:11 | HR AboKeiTo · age_up castle |
| 21:20 | HR AboKeiTo · first_building Siege Workshop |
| 21:27 | HR AboKeiTo · first_building Monastery |
| 23:07 | shegin · age_up castle |
| 23:38 | shegin · first_market_buy 100 food |
| 23:55 | shegin · first_building Siege Workshop |
| 24:53 | HR AboKeiTo · first_market_buy 100 stone |
| 25:00 | HR AboKeiTo · first_building Castle |
| 25:59 | HR AboKeiTo · first_market_sell 100 food |
| 28:29 | shegin · first_building Monastery |
| 36:39 | shegin · first_building Castle |
| 39:45 | HR AboKeiTo · age_up imperial |
| 40:22 | shegin · age_up imperial |
| 45:19 | shegin · resign |
[ ANÁLISIS IA · 1 CRÉDITO ]
¿Qué pasó realmente en esta partida?
Wolo.gg analiza cada decisión: build order, eco, micro, errores típicos por bracket. Análisis personalizado por WhatsApp o Discord en 30 segundos.
Guía civ
Muiscas
Perfil
shegin